 Dungeon Crawl Stone Soup version 0.32-a0-422-g28b100f618 (webtiles) character file.

Game seed: 6463417867243065140

1421 Ceno the Trooper (level 8, -5/63 HPs)
             Began as a Coglin Warper on Feb 21, 2024.
             Engulfed by a cloud of steam (13 damage)
             ... on level 6 of the Dungeon on Feb 22, 2024.
             The game lasted 00:11:40 (4964 turns).

Ceno the Trooper (Coglin Warper)                    Turns: 4964, Time: 00:11:41

Health: -5/63      AC:  3    Str: 12    XL:     8   Next: 72%
Magic:  14/14      EV: 11    Int: 13    God:
Gold:   374        SH:  0    Dex: 15    Spells: 8/15 levels left

rFire   . . .        k - +2 rapier (elec) {Imanvir}
rCold   . . .        e - +0 short sword {Fernando}
rNeg    . . .        b - +0 leather armour
rPois   .            (no helmet)
rElec   .            (no cloak)
rCorr   .            (no gloves)
SInv    .            (no boots)
Will    +....        (no amulet)
Stlth   +++          w - ring of willpower
HPRegen 0.30/turn    (no ring)
MPRegen 0.14/turn

%: no passive effects
@: immotile, revved
A: off-hand wielding, slow wielding, warmup strikes, legs shutdown
a: no special abilities


You were on level 6 of the Dungeon.
You visited 1 branch of the dungeon, and saw 8 of its levels.

You collected 374 gold pieces.

Inventory:

Hand Weapons
 e - a +0 short sword (offhand) {Fernando}
 k - a +2 rapier of electrocution (weapon) {Imanvir}
Missiles
 d - 7 darts of dispersal
 f - 44 stones (quivered)
 n - 6 atropa-tipped darts
 B - 3 poisoned darts
Armour
 b - a +0 leather armour (worn)
Jewellery
 t - an amulet of faith
 w - a ring of willpower (left grasper)
Wands
 u - a wand of flame (8)
 v - a wand of quicksilver (16)
 y - a wand of digging (4)
Scrolls
 a - a scroll of revelation
 c - 3 scrolls of blinking
 g - 2 scrolls of enchant weapon {unknown}
 h - a scroll of butterflies {unknown}
 i - 3 scrolls of teleportation
 p - a scroll of vulnerability
 x - a scroll of noise {unknown}
 z - a scroll of identify {unknown}
 A - a scroll of brand weapon {unknown}
Potions
 j - a potion of resistance {unknown}
 l - 2 potions of lignification {unknown}
 m - a potion of heal wounds {unknown}
 o - a potion of brilliance {unknown}
 q - 2 potions of curing
 r - 2 potions of haste {unknown}
 s - a potion of might {unknown}


   Skills:
 + Level 5.6 Fighting
 + Level 5.1 Short Blades
 - Level 0.8 Throwing
 - Level 0.8 Armour
 - Level 1.7 Dodging
 + Level 4.5 Stealth
 - Level 4.0 Spellcasting
 + Level 3.9 Translocations


You had 8 spell levels left.
You knew the following spells:

 Your Spells              Type           Power      Damage    Failure   Level
a - Blink                 Tloc           24%        N/A       8%          2
b - Lesser Beckoning      Tloc           24%        N/A       8%          2
c - Teleport Other        Tloc           12%        N/A       16%         3

Your spell library contained the following spells:

 Spells                   Type           Power      Damage    Failure   Level
 Necrotise                Necr           8%         1d4       26%         1
 Sandblast                Erth           4%         2d4       26%         1
 Volatile Blastmotes      Fire/Tloc      14%        2d11      34%         3
 Jinxbite                 Hex            4%         N/A       36%         2
 Manifold Assault         Tloc           12%        N/A       45%         4
 Passage of Golubria      Tloc           12%        N/A       45%         4
 Passwall                 Erth           2%         N/A       61%         3
 Stone Arrow              Conj/Erth      4%         3d7       61%         3
 Tukima's Dance           Hex            2%         N/A       61%         3
 Vampiric Draining        Necr           2%         2d6       61%         3
 Vhi's Electric Charge    Tloc/Air       14%        N/A       75%         4
 Brom's Barrelling Bould  Conj/Erth      2%         2d3       95%         4
 Martyr's Knell           Necr/Summ      2%         N/A       95%         4
 Curse of Agony           Necr           2%         N/A       100%        5
 Yara's Violent Unravell  Hex/Alch       1%         3d3       100%        5
 Enfeeble                 Hex            1%         N/A       100%        7
 Ignition                 Fire           1%         3d3       100%        8
 Fire Storm               Conj/Fire      1%         7d1       100%        9


Dungeon Overview and Level Annotations

Branches:
Dungeon (8/15)
 Temple: D:4-7         Lair: D:8-11

Altars:
Elyvilon
Kikubaaqudgha
Makhleb
Sif Muna
Vehumet
Wu Jian

Shops:
D:3 ?   D:6 =

Annotations:
D:8 Maurice


Innate Abilities, Weirdness & Mutations

You can wield a second weapon in your off-hand.
It takes a long time for you to wield or remove held weapons.
Your first few attacks do less damage.
Attacking and casting redirects power from your legs.


Message History

The steam dragon is almost dead.
You barely miss the steam dragon with your +0 short sword.
You hit the steam dragon but do no damage.
The steam dragon is almost dead.
You closely miss the steam dragon with your +2 rapier of electrocution.
The steam dragon breathes steam at you. The ball of steam misses you.
You barely miss the steam dragon with your +0 short sword.
The steam dragon is almost dead.
You closely miss the steam dragon with your +2 rapier of electrocution.
You are engulfed in a cloud of scalding steam.
The steam dragon closely misses you.
The steam dragon claws you but does no damage.
You hit the steam dragon but do no damage.
The steam dragon is almost dead.
You hit the steam dragon but do no damage.
The steam dragon bites you!
* * * LOW HITPOINT WARNING * * *
The steam dragon barely misses you.
You barely miss the steam dragon with your +2 rapier of electrocution.
The steam dragon is almost dead.
You closely miss the steam dragon with your +0 short sword.
The steam dragon bites you but does no damage.
The steam dragon closely misses you.
You hit the steam dragon with your +0 short sword.
The steam dragon is almost dead.
You hit the steam dragon but do no damage.
You hit the steam dragon with your +0 short sword.
The steam dragon is almost dead.
You hit the steam dragon but do no damage.
The steam dragon breathes steam at you. The ball of steam misses you.
You hit the steam dragon but do no damage.
Lightning courses through the steam dragon!
You kill the steam dragon!
You are engulfed in a cloud of scalding steam.
* * * LOW HITPOINT WARNING * * *
Your Short Blades skill increases to level 5!
You are engulfed in a cloud of scalding steam.
You die...

#########
########.......#
######..............#
#...................#
#.####..............#
......#........?....#
....#.#.##.##.§§§§..#
.#..#.#.##'##.§§@§..#
....#.#.....#..§§§§.#
.#....#.....).......#
.#....#.............#
.######......########
.. +<.....# ##
#......#
#####+#......#
.............#


There were no monsters in sight!

Vanquished Creatures
  A steam dragon (D:6)
  A water moccasin (D:6)
  2 black bears (D:5)
  2 ogres
  2 centaurs
  2 phantoms (D:5)
  A bullfrog (D:8)
  2 scorpions (D:4)
  2 hounds
  An iguana (D:4)
  Natasha (thrice) (D:2)
  4 adders
  A white imp (D:5)
  4 ufetubi
  A dart slug (D:5)
  3 orcs
  5 ball pythons
  7 endoplasms
  3 giant cockroaches
  7 hobgoblins
  2 jackals (D:4)
  6 kobolds
  2 quokkas (D:1)
  8 bats
  2 frilled lizards (D:1)
  8 goblins
  4 rats
86 creatures vanquished.

Notes
Turn   | Place    | Note
-------+----------+-------------------------------------------
     0 | D:1      | Ceno the Coglin Warper began the quest for the Orb.
     0 | D:1      | Reached XP level 1. HP: 16/16 MP: 3/3
   150 | D:1      | Reached XP level 2. HP: 21/22 MP: 4/4
   193 | D:1      | Learned a level 2 spell: Blink
   196 | D:1      | Learned a level 2 spell: Lesser Beckoning
   360 | D:1      | Reached XP level 3. HP: 24/28 MP: 6/6
   362 | D:1      | Reached skill level 1 in Stealth
  1182 | D:2      | Reached XP level 4. HP: 34/34 MP: 7/7
  1260 | D:2      | Found a shimmering blue altar of Sif Muna.
  1316 | D:2      | Noticed Natasha
  1322 | D:2      | Killed Natasha
  1478 | D:2      | Noticed Natasha
  1496 | D:2      | Killed Natasha
  1497 | D:2      | Reached XP level 5. HP: 28/41 MP: 8/8
  1807 | D:2      | Noticed Natasha
  1809 | D:2      | Killed Natasha
  2311 | D:3      | Found a faded altar of an unknown god.
  2391 | D:3      | Found Cimyem's Magic Scroll Shop.
  2541 | D:3      | Learned a level 3 spell: Teleport Other
  2552 | D:4      | Found a white marble altar of Elyvilon.
  2552 | D:4      | Found a burning altar of Makhleb.
  2552 | D:4      | Found an ornate altar of the Wu Jian Council.
  2595 | D:4      | Reached XP level 6. HP: 10/47 MP: 10/10
  3387 | D:5      | Entered Level 5 of the Dungeon
  3451 | D:5      | Reached XP level 7. HP: 34/54 MP: 10/12
  3541 | D:5      | Found a radiant altar of Vehumet.
  3876 | D:5      | Found an ancient bone altar of Kikubaaqudgha.
  3984 | D:5      | Reached XP level 8. HP: 31/61 MP: 13/13
  4142 | D:5      | You fall into a shaft and drop 3 floors!
  4269 | D:8      | Reached skill level 5 in Fighting
  4436 | D:8      | Got the Quarto of Embers
  4442 | D:8      | Noticed Maurice
  4587 | D:6      | Found Tidid's Jewellery Shop.
  4964 | D:6      | Reached skill level 5 in Short Blades
  4964 | D:6      | Engulfed by a cloud of steam

Illustrated notes

Levels and vault maps discovered:
D:1:      erik_arrival_blinker_ship, layout_basic
D:2:      layout_basic, basic_altar, minmay_misc_feat_ornament,
          chequers_serial_rivers_small_3, uniq_natasha
D:3:      layout_basic, serial_shops, nicolae_shop_rolled_up,
          dreamdust_ecumenical_altar_grove, nicolae_eternal_life
D:4:      layout_basic, gammafunk_temple_overflow_claw, minmay_misc_feat_roman
D:5:      layout_basic, vehumet_altar_wand_db, mainiacjoe_overflow_catwalk,
          st_stairs_2
D:6:      layout_basic, minmay_temple_entry_glass, serial_shops,
          nicolae_inconvenience_store
D:7:      layout_rooms, sword_in_stone
D:8:      erik_cavepeople, layout_loops_ring, amcnicky_altar_gilded,
          uniq_maurice

Skill      XL: |  1  2  3  4  5  6  7  8 |
---------------+-------------------------+-----
Short Blades   | 2 3 4 5 |  5.1
Spellcasting   | 2 3 4 |  4.0
Stealth        | 1 2 3 4 |  4.5
Fighting       | 3 4 5 |  5.6
Throwing       | |  0.8
Armour         | |  0.8
Dodging        | |  1.7
Translocations | |  3.9

Action                     |  1- 3 |  4- 6 |  7- 9 || total
---------------------------+-------+-------+-------++-------
  Melee: Short sword       |   112 |    70 |    71 ||   253
         Rapier            |     4 |    82 |    78 ||   164
  Throw: Stone             |       |     1 |       ||     1
   Cast: Lesser Beckoning  |       |       |     1 ||     1
    Use: Scroll            |     1 |     2 |       ||     3
         Potion            |       |     1 |       ||     1
   Stab: Sleeping          |     2 |     2 |     5 ||     9
         Distracted        |       |     1 |       ||     1
 Armour: Leather armour    |    34 |    44 |    71 ||   149
  Dodge: Dodged            |    38 |    34 |    45 ||   117

Table legend: (Time is in decaauts)
 A = Elapsed time spent in this place.
 B = Non-inter-level travel time spent in this place.
 C = Inter-level travel time spent in this place.
 D = Time resting spent in this place.
 E = Time spent auto-exploring this place.
 F = Levels seen in this place.
 G = Mean time per level.
                   A        B        C        D        E       F      G
               +--------+--------+--------+--------+--------+-----+--------+
         Total |   4946 |   4789 |    157 |    440 |   3090 |   8 |  618.2 |
       Dungeon |   4946 |   4789 |    157 |    440 |   3090 |   8 |  618.2 |
               +--------+--------+--------+--------+--------+-----+--------+

Top non-repeatable levels by time:
     D:1: 975 daAuts
     D:4: 887 daAuts
     D:2: 863 daAuts
     D:5: 725 daAuts
     D:3: 696 daAuts
     D:6: 462 daAuts
     D:8: 301 daAuts
     D:7: 34 daAuts
